 Dungeon Crawl Stone Soup version 0.29.1-12-g30fa7ad0bf (webtiles) character file.

Game seed: 12542114815893969512

9262 Rrauwl the Skirmisher (level 11, -2/63 HPs)
             Began as an Octopode Artificer on Jan 8, 2023.
             Was an Elder of Dithmenos.
             Slain by a wraith (7 damage)
             ... on level 10 of the Dungeon.
             The game lasted 00:32:10 (10682 turns).

Rrauwl the Skirmisher (Octopode Artificer)         Turns: 10682, Time: 00:32:10

Health: -2/63      AC:  5    Str: 11    XL:     11   Next: 43%
Magic:  14/14      EV: 17    Int: 14    God:    Dithmenos [****..]
Gold:   148        SH: 10    Dex: 17    Spells: 10/10 levels left

rFire   . . .      SeeInvis +   s - staff of cold
rCold   + . .      Faith    .   z - +0 kite shield
rNeg    . . .      Spirit   .   (helmet restricted)
rPois   .          Reflect  .   (no amulet)
rElec   .          Harm     .   m - +4 ring of protection
rCorr   .          Rampage  .   k - ring of flight
Will    .....                   x - ring of see invisible
Stlth   ++++++++..              (no ring)
HPRegen 0.20/turn               (no ring)
MPRegen 0.14/turn               (no ring)
                                (no ring)
                                (no ring)

@: flying, slowed, wreathed by umbra, very slow
A: almost no armour, amphibious, 8 rings, camouflage 1, gelatinous body 1,
(nimble swimmer 1), tentacles
a: Renounce Religion, Shadow Step


You were on level 10 of the Dungeon.
You worshipped Dithmenos.
Dithmenos was greatly pleased with you.
You visited 2 branches of the dungeon, and saw 11 of its levels.

You collected 540 gold pieces.
You spent 392 gold pieces at shops.

Inventory:

Hand Weapons
 a - a +6 dire flail
 b - the +6 sling of Moveecug {venom, rPois Will+ rCorr Int+2}
   (You took it off an orc on level 3 of the Dungeon)

   Any ammunition fired from it poisons the flesh of those it strikes.
   Int:       It affects your intelligence (+2).
   rPois:     It protects you from poison.
   rCorr:     It protects you from acid and corrosion.
   Will:      It increases your willpower.
 B - a +2 vorpal arbalest
Armour
 z - a +0 kite shield (worn)
Magical Staves
 s - a staff of cold (weapon)
Jewellery
 g - an amulet of faith
 k - a ring of flight (right tentacle)
 m - a +4 ring of protection (left tentacle)
 v - a ring of ice
 x - a ring of see invisible (on tentacle)
 A - a ring of ice
Wands
 c - a wand of charming (15)
 d - a wand of iceblast (2)
 i - a wand of polymorph (19)
 l - a wand of paralysis (28)
 q - a wand of flame (10)
 t - a wand of light (15)
Scrolls
 e - 9 scrolls of identify
 f - a scroll of teleportation
 h - 4 scrolls of poison
 n - a scroll of brand weapon
 o - 2 scrolls of torment
 p - a scroll of vulnerability
 y - 2 scrolls of magic mapping
Potions
 j - a potion of might
 u - a potion of attraction
 w - a potion of brilliance


   Skills:
 - Level 1.0 Fighting
 + Level 10.9 Ranged Weapons
 - Level 10.0 Dodging
 + Level 9.5 Stealth
 + Level 4.3 Shields
 - Level 5.0 Invocations
 - Level 5.0 Evocations


You had 10 spell levels left.
You didn't know any spells.
Your spell library contained the following spells:

 Spells                   Type           Power      Damage    Failure   Level
 Slow                     Hex            0%         N/A       63%         1
 Summon Small Mammal      Summ           0%         N/A       63%         1
 Call Canine Familiar     Summ           0%         N/A       94%         3
 Confusing Touch          Hex            0%         N/A       94%         3
 Summon Guardian Golem    Hex/Summ       0%         N/A       94%         3
 Vampiric Draining        Necr           0%         2d6       94%         3
 Anguish                  Hex/Necr       0%         N/A       100%        4
 Iskenderun's Mystic Bla  Conj/Tloc      0%         2d3       100%        4
 Dispersal                Tloc           0%         N/A       100%        6
 Enfeeble                 Hex            0%         N/A       100%        7
 Malign Gateway           Summ/Tloc      0%         N/A       100%        7


Dungeon Overview and Level Annotations

Branches:
Dungeon (10/15)            Temple (1/1) D:4            Lair (0/5) D:10
    Orc (0/2) D:9

Altars:
Ashenzari
Cheibriados
Dithmenos
Elyvilon
Fedhas
Gozag
Hepliaklqana
Kikubaaqudgha
Makhleb
Nemelex Xobeh
Okawaru
Qazlal
Ru
Sif Muna
Trog
Uskayaw
Vehumet
Wu Jian
Xom
Yredelemnul
Zin
The Shining One

Shops:
D:1 [   D:4 [   D:9 *


Innate Abilities, Weirdness & Mutations

You cannot wear most types of armour.
You are amphibious.
You can wear up to eight rings at the same time.
Your skin changes colour to match your surroundings (Stealth+).
Your rubbery body absorbs attacks. (AC +1, EV +1)
((You are camouflaged when in or above water. (Stealth+)))
You have tentacles for arms and can constrict up to eight enemies at once.


Message History

You barely miss the wraith.
The wraith is severely damaged.
The wraith hits you! The wraith drains your vigour!
You feel as though you will be slow longer.
You block the wraith's attack.
You are too injured to fight recklessly!
You are too injured to fight recklessly!
You barely miss the wraith. Your squeeze misses the wraith.
The wraith is severely damaged.
The wraith hits you!
* * * LOW HITPOINT WARNING * * *
You block the wraith's attack.
You hit the wraith but do no damage. Your squeeze misses the wraith.
The wraith is severely damaged.
You block the wraith's attack. The wraith barely misses you.
You hit the wraith but do no damage. Your squeeze misses the wraith.
The wraith is severely damaged.
The wraith misses you. The wraith hits you!
* * * LOW HITPOINT WARNING * * *
The wraith drains your vigour!
You feel as though you will be slow longer.
Okay, then.
Okay, then.
The wraith attacks as you move away! The wraith misses you.
The wraith closely misses you.
Aiming: Paralyse
Press: ? - help, Shift-Dir - straight line, f/p - wraith
Aim: a wraith (severely damaged, umbra, chance to affect: 27%)
Okay, then.
Aiming: Iceblast
Press: ? - help, Shift-Dir - straight line, p - wraith
Okay, then.
The wraith attacks as you move away! The wraith barely misses you.
Aiming: Iceblast
Press: ? - help, Shift-Dir - straight line, p - wraith The mass of ice explodes!
The iceblast engulfs the wraith.
The wraith partially resists.
The wraith is almost destroyed.
The wraith hits you!
You die...

######################
#.....................
#.##....#####.........
#.......#####.........
#.....................
#.....................
#.....######'#.........
#.....#...@W.#.####....
#.....#......#......##
#.##..#......#......#
#.##..#......########
#.....#.......#
#.....#.......#
#..##.#......##
#..##.#......#
#..##.#......##


You could see a wraith.

Vanquished Creatures
  3 two-headed ogres
  A kobold demonologist (D:10)
  A gargoyle (D:10)
  A komodo dragon (D:10)
  Prince Ribbit (D:6)
  Grinder (D:6)
  5 wyverns
  Eustachio (D:5)
  12 yaks
  2 steam dragons
  A water moccasin (D:7)
  A sky beast (D:6)
  4 orc warriors
  2 centaurs
  3 phantoms
  3 kobold brigands
  4 bullfrogs
  3 scorpions
  16 wights
  6 killer bees
  4 howler monkeys (D:9)
  An electric eel (D:10)
  2 jellies
  2 orc priests
  3 hounds
  3 iguanas (D:4)
  6 orc wizards
  Terence (D:2)
  Robin (D:3)
  2 gnolls (D:7)
  3 adders
  A river rat (D:3)
  A shadow imp (D:5)
  2 white imps
  3 worms
  4 dart slugs
  45 orcs
  7 endoplasms
  2 giant cockroaches (D:3)
  18 goblins
  4 hobgoblins
  8 ball pythons
  4 bats
  2 frilled lizards (D:2)
  9 kobolds
  9 rats
218 creatures vanquished.

Notes
Turn   | Place    | Note
-------+----------+-------------------------------------------
     0 | D:1      | Rrauwl the Octopode Artificer began the quest for the Orb.
     0 | D:1      | Reached XP level 1. HP: 13/13 MP: 1/1
     9 | D:1      | You fall into a shaft and drop 1 floor!
    14 | D:2      | Noticed Terence
    33 | D:2      | Killed Terence
    34 | D:2      | Reached XP level 2. HP: 18/18 MP: 2/2
    34 | D:2      | Reached XP level 3. HP: 23/23 MP: 3/3
   375 | D:2      | Got the Almanac of Dislocation
   471 | D:1      | Found Cyoz's Antique Armour Shop.
   821 | D:1      | Found a faded altar of an unknown god.
   835 | D:1      | Prayed at the altar of an unknown god.
   835 | D:1      | Became a worshipper of Dithmenos the Shadowed
   835 | D:1      | Reached * piety under Dithmenos
   897 | D:1      | Reached XP level 4. HP: 28/28 MP: 4/4
  1417 | D:3      | Reached skill level 1 in Invocations
  1509 | D:3      | Reached XP level 5. HP: 16/33 MP: 5/5
  1679 | D:3      | Identified the +6 sling of Moveecug {venom, rPois Will+
                  | rCorr Int+2}
  2122 | D:3      | Identified the +1 robe "Veunumur" {rElec Int-2 Dex+4
                  | Stlth+}
  2314 | D:3      | Reached ** piety under Dithmenos
  2549 | D:3      | Noticed Robin
  2813 | D:3      | Killed Robin
  3067 | D:4      | Reached XP level 6. HP: 36/38 MP: 7/7
  3291 | D:4      | Found Tokoyo's Dragon-Slaying Spoils.
  3479 | D:4      | Reached skill level 1 in Ranged Weapons
  3484 | D:4      | Identified the +1 robe of Theory {Fly rC+ Int+3 Stlth+
                  | Archmagi}
  3551 | D:4      | Reached *** piety under Dithmenos
  3564 | D:4      | Found a staircase to the Ecumenical Temple.
  3581 | D:4      | Reached skill level 5 in Stealth
  3581 | D:4      | Reached skill level 5 in Evocations
  3581 | D:4      | Reached XP level 7. HP: 37/43 MP: 7/9
  3680 | Temple   | Entered the Ecumenical Temple
  4089 | D:5      | Entered Level 5 of the Dungeon
  4090 | D:5      | Noticed Eustachio
  4106 | D:5      | Killed Eustachio
  4317 | D:5      | Reached skill level 5 in Dodging
  4523 | D:5      | Reached XP level 8. HP: 47/48 MP: 10/10
  4880 | D:6      | Noticed Grinder
  4886 | D:6      | Killed Grinder
  4968 | D:6      | Found a stormy altar of Qazlal.
  4968 | D:6      | Found a bloodstained altar of Trog.
  4968 | D:6      | Found a glowing golden altar of the Shining One.
  5035 | D:6      | Reached skill level 5 in Ranged Weapons
  5046 | D:6      | Noticed Prince Ribbit
  5058 | D:6      | Killed Prince Ribbit
  5059 | D:6      | Reached XP level 9. HP: 38/53 MP: 11/11
  5599 | D:7      | Found a broken altar of Ashenzari.
  5645 | D:7      | Found a basalt altar of Yredelemnul.
  5716 | D:7      | Noticed a +0 dagger
  5716 | D:7      | Noticed a +0 dagger
  5719 | D:7      | Found a hide-covered altar of Uskayaw.
  5842 | D:7      | Found a flagged portal.
  6502 | D:8      | Noticed a two-headed ogre
  6527 | D:8      | Killed a two-headed ogre
  6763 | D:8      | Reached **** piety under Dithmenos
  7073 | D:8      | Reached XP level 10. HP: 58/58 MP: 12/12
  7823 | D:9      | Reached skill level 10 in Dodging
  7970 | D:9      | Found Haladush's General Store.
  7973 | D:9      | Bought a scroll of brand weapon for 152 gold pieces
  7973 | D:9      | Bought a ring of see invisible for 240 gold pieces
  8098 | D:9      | Noticed a two-headed ogre
  8326 | D:9      | Found a staircase to the Orcish Mines.
  8605 | D:9      | Reached skill level 10 in Ranged Weapons
  8887 | D:10     | Entered Level 10 of the Dungeon
  8887 | D:10     | Noticed a kobold demonologist
  8956 | D:9      | Reached skill level 1 in Shields
  9385 | D:10     | Noticed a two-headed ogre
  9403 | D:10     | Killed a two-headed ogre
  9404 | D:10     | Reached XP level 11. HP: 63/63 MP: 12/14
  9560 | D:10     | Found an iron altar of Okawaru.
  9618 | D:10     | Reached skill level 5 in Invocations
  9944 | D:10     | Noticed a two-headed ogre
  9951 | D:10     | Killed a two-headed ogre
  9959 | D:10     | Noticed a centaur warrior
  9961 | D:10     | Noticed a cyan ugly thing
 10231 | D:10     | Identified the +1 leather armour of the Garden {rPois
                  | Dex+3}
 10244 | D:10     | Found a staircase to the Lair.
 10682 | D:10     | Slain by a wraith

Illustrated notes

Levels and vault maps discovered:
D:1:      ncdulo_watergridlock, layout_basic, basic_ecumenical_altar,
          serial_shops, shop_fountains
D:2:      layout_basic, nicolae_concentric_dashed_squares_wild, uniq_terence
D:3:      layout_basic, portal_sewer_entry_b, serial_glass, glass_columns_a,
          glass_columns_b, uniq_robin
D:4:      layout_basic, minmay_temple_entry_sparse_star,
          nicolae_shop_dragon_depot, kennysheep_generic_room_2
D:5:      layout_cave_pools, uniq_eustachio
D:6:      layout_loops_cross, chequers_temple_overflow_statue_of_worship,
          uniq_grinder, uniq_prince_ribbit1
D:7:      nicolae_cairo_tiling, layout_basic, dancing_weapons_uskayaw,
          mainiacjoe_overflow_large_starburst, enter_bailey_7
D:8:      layout_basic
D:9:      layout_basic, david_orc_2, serial_shops, nicolae_shop_behind_doors,
          minivault_5, minmay_starry_boxes
D:10:     wad_arrow_thing, layout_stronghold, okawaru_gym_becter,
          lair_entry_dummy, hangedman_decor_riveting, kennysheep_small_spiral
Temple:   minmay_freezing_vapour_temple

Skill      XL: |  1  2  3  4  5  6  7  8  9 10 11 |
---------------+----------------------------------+-----
Stealth        | 2 3 4 5 6 7 8 9 |  9.5
Dodging        | 3 4 5 7 9 10 | 10.0
Evocations     | 4 5 |  5.0
Invocations    | 1 2 3 4 5 |  5.0
Ranged Weapons | 1 3 5 8 10 | 10.9
Shields        | 2 4 |  4.3
Fighting       | |  1.0

Action                   |  1- 3 |  4- 6 |  7- 9 | 10-12 || total
-------------------------+-------+-------+-------+-------++-------
Melee: Club              |    21 |       |       |       ||    21
       Spear             |    18 |    27 |       |       ||    45
       Constrict         |    14 |     7 |       |       ||    21
       Tentacles         |     7 |     6 |       |     4 ||    17
       Punch             |       |     1 |       |     1 ||     2
       Staff             |       |       |       |    18 ||    18
 Fire: Sling             |       |   120 |   245 |   324 ||   689
Evoke: Wand              |    10 |     6 |     2 |     5 ||    23
  Use: Scroll            |     5 |     5 |     4 |     3 ||    17
       Potion            |       |     3 |     7 |     3 ||    13
 Stab: Sleeping          |    11 |     4 |       |       ||    15
Armor: Skin              |     1 |     9 |    21 |    14 ||    45
Dodge: Dodged            |    19 |    48 |   107 |    81 ||   255
Block: Kite shield       |       |       |       |    36 ||    36
